 Dungeon Crawl Stone Soup version 0.28.0-53-g5a82cb258f (webtiles) character file.

Game seed: 17584827083370223247

156 DemonSlayer the Firebug (level 5, -7/55 HPs)
             Began as a Demonspawn Fire Elementalist on July 29, 2022.
             Was an Initiate of Cheibriados.
             Mangled by an ogre
             ... wielding a +0 giant club
              (11 damage)
             ... on level 4 of the Dungeon.
             The game lasted 00:09:39 (4732 turns).

DemonSlayer the Firebug (DsFE)                      Turns: 4732, Time: 00:09:40

Health: -7/55      AC:  3    Str:  9    XL:     5   Next: 14%
Magic:  1/9        EV: 12    Int: 20    God:    Cheibriados [......]
Gold:   170        SH:  0    Dex: 14    Spells: 1/10 levels left

rFire   . . .      SeeInvis .   l - +0 war axe
rCold   . . .      Faith    .   (no shield)
rNeg    . . .      Spirit   .   a - +0 robe
rPois   .          Reflect  .   (helmet restricted)
rElec   .          Harm     .   (no cloak)
rCorr   .          Rampage  .   (no gloves)
Will    .....                   f - +0 pair of boots
Stlth   ..........              (no amulet)
HPRegen 0.18/turn               (no ring)
MPRegen 0.11/turn               (no ring)

@: berserking, very slow
A: antennae 1, spiny 1
a: Renounce Religion


You were on level 4 of the Dungeon.
You worshipped Cheibriados.
Cheibriados was noncommittal.
You visited 2 branches of the dungeon, and saw 5 of its levels.

You collected 170 gold pieces.

Inventory:

Hand Weapons
 b - a +0 dagger
 l - a +0 war axe (weapon)
Armour
 a - a +0 robe (worn)
 f - a +0 pair of boots (worn)
Wands
 n - a wand of flame (31)
Scrolls
 i - a scroll of magic mapping
 k - a scroll of teleportation
 m - a scroll of fog {unknown}
Potions
 c - a potion of resistance {unknown}
 d - a potion of attraction
 e - 2 potions of curing {unknown}
 g - a potion of flight {unknown}
 h - a potion of berserk rage
 j - a potion of brilliance {unknown}


   Skills:
 + Level 1.0 Fighting
 + Level 0.1 Short Blades
 + Level 0.2 Axes
 + Level 2.0 Dodging
 + Level 2.1 Stealth
 + Level 3.3 Spellcasting
 + Level 2.2 Conjurations
 + Level 3.5 Fire Magic


You had one spell level left.
You knew the following spells:

 Your Spells              Type           Power      Damage    Failure   Level
a - Foxfire               Conj/Fire      60%        2x1d7     4%          1
b - Scorch                Fire           34%        2d6       4%          2
c - Stone Arrow           Conj/Erth      14%        3d7       26%         3
d - Ignite Poison         Fire/Tmut/Pois 8%         N/A       26%         3

Your spell library contained the following spells:

 Spells                   Type           Power      Damage    Failure   Level
 Sandblast                Erth           6%         2d5       14%         1
 Conjure Flame            Conj/Fire      15%        6-21      12%         3
 Inner Flame              Hex/Fire       10%        N/A       21%         3
 Corpse Rot               Necr/Air       6%         N/A       22%         2
 Passwall                 Tmut/Erth      2%         N/A       22%         2
 Gell's Gravitas          Tloc           3%         N/A       38%         3
 Lesser Beckoning         Tloc           3%         N/A       38%         3
 Teleport Other           Tloc           3%         N/A       38%         3
 Flame Wave               Conj/Fire      15%        2d6       38%         4
 Sticky Flame             Conj/Fire      15%        2d4       38%         4
 Hailstorm                Conj/Ice       7%         3d4       65%         4
 Maxwell's Capacitive Co  Air            1%         ∞         100%        8


Dungeon Overview and Level Annotations

Branches:
Dungeon (4/15)             Temple (1/1) D:4

Altars:
Ashenzari
Cheibriados
Fedhas
Okawaru
Ru
Trog

Shops:
D:2 =   D:3 [


Innate Abilities, Weirdness & Mutations

You have a pair of small antennae on your head.
You are partially covered in sharp spines.


Message History

An ufetubus is nearby!
An ufetubus is nearby!
An ufetubus is nearby!
An ufetubus is nearby!
A hobgoblin comes into view.
Found a stone staircase leading down.
An ogre comes into view. It is wielding a +0 giant club.
Flames lash the ufetubus.
The ufetubus is burned terribly!
The ufetubus is almost dead.
The ufetubus's fire resistance burns away.
The ogre shouts!
You hear a shout!
Flames lash the ufetubus.
The ufetubus is burned terribly!
You kill the ufetubus!
Cheibriados thoroughly appreciates the change of pace.
You can't see any susceptible monsters within range! (Use Z to cast anyway.)
You can't see any susceptible monsters within range! (Use Z to cast anyway.)
A hobgoblin is nearby!
Casting: Scorch (safe; 4% risk of failure)
Confirm with . or Enter, or press ? or * to list all spells.
Okay, then.
Flames lash the hobgoblin.
You kill the hobgoblin!
Cheibriados thoroughly appreciates the change of pace.
Flames lash the ogre.
The ogre is lightly wounded.
The ogre's fire resistance burns away.
Flames lash the ogre.
The ogre is burned terribly!
The ogre is heavily wounded.
The ogre is struck by your spines. The ogre hits you with a +0 giant club!
The ogre hits you with a +0 giant club!!
Ouch! That really hurt!
* * * LOW HITPOINT WARNING * * *
Okay, then.
A red film seems to cover your vision as you go berserk!
Cheibriados forces you to slow down.
You feel mighty! The ogre barely misses you.
You barely miss the ogre.
The ogre is heavily wounded.
The ogre is struck by your spines. The ogre hits you with a +0 giant club!
You die...

...........# ..#
#.########.# .. (.# #.##
#.##.#### #.#. #..#.#..#
#.#.###### ###...#..#
#.#......# ##...⌠....#
#.#..###.# #.........#
#O#..# #.#
#..⌠.>.⌠..#####@#..###.#
#...............#.)..#.#
#....⌠...#########.#.#.#
##.#...>............#.#.#
.....################.#.#
.(..... ..........#
......# #######.###
......### #.# .#......
{#.#######


You could see an ogre (combustible).

Vanquished Creatures
  5 adders
  4 gnolls (D:3)
  An ufetubus (D:4)
  An adder skeleton (D:4)
  A dart slug (D:3)
  6 endoplasms
  2 giant cockroaches
  7 goblins
  4 hobgoblins
  3 jackals (D:2)
  5 kobolds
  2 quokkas (D:1)
  8 ball pythons
  5 bats
  2 frilled lizards
  7 rats
63 creatures vanquished.

Vanquished Creatures (collateral kills)
  A foxfire (D:3)
1 creature vanquished.

Vanquished Creatures (others)
  237 foxfires
237 creatures vanquished.

Grand Total: 301 creatures vanquished

Notes
Turn   | Place    | Note
-------+----------+-------------------------------------------
     0 | D:1      | DemonSlayer the Demonspawn Fire Elementalist began the
                  | quest for the Orb.
     0 | D:1      | Reached XP level 1. HP: 13/13 MP: 3/3
   335 | D:1      | Gained mutation: You have a pair of small antennae on your
                  | head. [demonic ancestry]
   335 | D:1      | Reached XP level 2. HP: 19/19 MP: 5/5
   338 | D:1      | Learned a level 2 spell: Scorch
   893 | D:1      | Found a faded altar of an unknown god.
  1313 | D:2      | Reached XP level 3. HP: 15/24 MP: 3/6
  1727 | D:2      | Found Nomes's One-of-a-Kind Rings.
  1915 | D:2      | Got the Disquisition on Air and Snow
  2043 | D:2      | Gained mutation: You are partially covered in sharp spines.
                  | [demonic ancestry]
  2043 | D:2      | Reached XP level 4. HP: 12/30 MP: 1/7
  2047 | D:2      | Learned a level 3 spell: Stone Arrow
  2393 | D:3      | Found Ozostud's Armour Boutique.
  2707 | D:3      | Reached skill level 1 in Fighting
  2868 | D:3      | Found an iron altar of Okawaru.
  2868 | D:3      | Found a sacrificial altar of Ru.
  3735 | D:3      | Learned a level 3 spell: Ignite Poison
  4417 | D:4      | Reached XP level 5. HP: 37/37 MP: 2/9
  4488 | D:4      | Found a staircase to the Ecumenical Temple.
  4500 | Temple   | Entered the Ecumenical Temple
  4604 | Temple   | Became a worshipper of Cheibriados the Contemplative
  4715 | D:4      | Noticed an ogre
  4732 | D:4      | Mangled by an ogre

Illustrated notes

Levels and vault maps discovered:
D:1:      minmay_arrival_plants_in_alcoves, layout_basic,
          hellmonk_ecumenical_altar_crossroads
D:2:      layout_rooms, nicolae_shop_unique_rings
D:3:      layout_basic, jmf_multi_god_temple, serial_shops, shop, serial_forest,
          infiniplex_forest_lined_room_3, infiniplex_forest_join,
          infiniplex_forest_lined_room_2, infiniplex_forest_end_double,
          infiniplex_forest_lined_ring, infiniplex_forest_lined_room_,
          infiniplex_forest_straight_5, dk_noncrumbling_3
D:4:      layout_basic, temple_fountains, gammafunk_ghost_cemetery,
          minmay_manual_maat
Temple:   hc_temple_tempest_star

Skill      XL: |  1  2  3  4 |
---------------+-------------+-----
Fire Magic     | 3 |  3.5
Dodging        | 2 |  2.0
Stealth        | 2 |  2.1
Conjurations   | 2 |  2.2
Fighting       | 1 |  1.0
Spellcasting   | 3 |  3.3
Short Blades   | |  0.1
Axes           | |  0.2

Action                   |  1- 3 |  4- 6 || total
-------------------------+-------+-------++-------
Melee: Dagger            |    42 |     3 ||    45
       Punch             |     1 |       ||     1
       War axe           |       |     4 ||     4
 Cast: Foxfire           |    84 |    50 ||   134
       Scorch            |       |    13 ||    13
  Use: Scroll            |       |     6 ||     6
       Potion            |       |     1 ||     1
 Stab: Sleeping          |     2 |       ||     2
Armor: Robe              |    17 |       ||    17
Dodge: Dodged            |    37 |     6 ||    43
